 Dungeon Crawl Stone Soup version 0.25.1-1-g288607f5aa (webtiles) character file.

Game seed: 16598217060985738944

673 Goreval the Firebug (level 7, -1/36 HPs)
             Began as a Deep Elf Fire Elementalist on June 26, 2020.
             Was an Initiate of Vehumet.
             Slain by a bullfrog zombie (4 damage)
             ... on level 5 of the Dungeon on July 25, 2020.
             The game lasted 00:20:35 (5417 turns).

Goreval the Firebug (Deep Elf Fire Elementalist)    Turns: 5417, Time: 00:20:36

Health: -1/36      AC:  2    Str:  5    XL:     7   Next: 33%
Magic:  11/15      EV: 15    Int: 22    God:    Vehumet [......]
Gold:   109        SH:  0    Dex: 21    Spells: 3/14 levels left

rFire    + . .     SeeInvis .   y - +1 short sword (venom)
rCold    . . .     Gourm    .   (no shield)
rNeg     . . .     Faith    .   a - +0 robe
rPois    .         Spirit   .   (no helmet)
rElec    .         Reflect  .   (no cloak)
rCorr    .         Harm     .   (no gloves)
MR       .....                  (no boots)
Stlth    +++.......             (no amulet)
HPRegen  0.12/turn              k - +6 ring of dexterity
MPRegen  0.14/turn              p - ring of protection from fire

@: no status effects
A: no striking features
a: Renounce Religion


You were on level 5 of the Dungeon.
You worshipped Vehumet.
Vehumet was noncommittal.
You were not hungry.

You visited 1 branch of the dungeon, and saw 5 of its levels.

You collected 240 gold pieces.
You spent 131 gold pieces at shops.

Inventory:

Hand Weapons
 y - a +1 short sword of venom (weapon)
Missiles
 i - 157 stones (quivered)
Armour
 a - a +0 robe (worn)
Jewellery
 g - an uncursed ring of ice
 k - a +6 ring of dexterity (left hand)
 p - a ring of protection from fire (right hand)
 B - an uncursed ring of wizardry {unknown}
Scrolls
 b - a scroll of enchant weapon {unknown}
 d - a scroll of fog {unknown}
 e - a scroll of blinking {unknown}
 f - 3 scrolls of amnesia
 h - 8 scrolls of teleportation
 m - 2 scrolls of remove curse
 o - a scroll of immolation {unknown}
 s - a scroll of random uselessness {unknown}
 t - 6 scrolls of identify
 w - a scroll of noise {unknown}
 z - a scroll of fear {unknown}
 A - a scroll of magic mapping
Potions
 j - a potion of degeneration {unknown}
 l - 2 potions of curing {unknown}
 n - a potion of berserk rage {unknown}
 q - 2 potions of heal wounds
 r - a potion of stabbing {unknown}
 u - a potion of cancellation
 v - 2 potions of flight
 x - a potion of haste {unknown}
Comestibles
 c - 6 rations


   Skills:
 * Level 3.9 Dodging
 - Level 3.0 Stealth
 - Level 4.3 Spellcasting
 * Level 5.1 Conjurations
 * Level 6.5 Fire Magic


You had 3 spell levels left.
You knew the following spells:

 Your Spells              Type           Power        Failure   Level  Hunger
a - Foxfire               Conj/Fire      ####         1%          1    None
b - Conjure Flame         Conj/Fire      ####....     3%          3    ##.....
c - Inner Flame           Hex/Fire       ###.....     9%          3    ##.....
d - Sticky Flame          Conj/Fire      ####....     10%         4    ####...

Your spell library contained the following spells:

 Spells                   Type           Power        Failure   Level  Hunger
 Animate Skeleton         Necr           N/A          11%         1    None
 Apportation              Tloc           #.....       11%         1    None
 Corona                   Hex            #......      11%         1    None
 Summon Small Mammal      Summ           #...         11%         1    None
 Fireball                 Conj/Fire      ####......   26%         5    ######.


Dungeon Overview and Level Annotations

Branches:
Dungeon (5/15)
 Temple: D:4-7

Altars:
Dithmenos
Elyvilon
Qazlal
Ru
Vehumet

Shops:
D:4 *?   D:5 *


Message History

You struggle to resist.
You conjure some foxfire!
The foxfire hits the orc priest.
You kill the orc priest!
Vehumet accepts your kill.
You conjure some foxfire!
The foxfire hits the bullfrog zombie!
The foxfire hits the bullfrog zombie.
You conjure some foxfire!
The foxfire hits the bullfrog zombie.
The orc priest calls down the wrath of Beogh upon you.
Beogh smites you!
* * * LOW HITPOINT WARNING * * *
The bullfrog zombie misses you.
Unknown command.
You conjure some foxfire!
The bullfrog zombie misses you.
The foxfire hits the bullfrog zombie.
The bullfrog zombie hits you.
* * * LOW HITPOINT WARNING * * *
The bullfrog zombie closely misses you.
Unknown command.
The bullfrog zombie hits you.
You die...

#.# #.# #.# #.#
######.#####
#..........#
#.#######..#
#.8...>_#..# ##
#@#######..# . ..
#.Zo.o.....#
...o#.#####..##..#
......[oo.......##
....#.###########
# #


You could see 2 orc priests and a bullfrog zombie.

Vanquished Creatures
  A phantom (D:4)
  An ogre (D:3)
  A jelly (D:5)
  3 orc priests
  Jessica (D:2)
  3 orc wizards (D:3)
  4 worker ants
  A howler monkey zombie (D:5)
  7 adders
  A shadow imp (D:5)
  A worm (D:2)
  A dart slug (D:3)
  4 leopard geckos
  14 orcs
  2 ball pythons
  9 bats
  6 giant cockroaches
  7 goblins
  6 hobgoblins
  5 jackals (D:3)
  7 kobolds
  2 quokkas
  3 frilled lizards
  A giant cockroach zombie (D:5)
  8 rats
99 creatures vanquished.

Vanquished Creatures (collateral kills)
  A rat (D:1)
1 creature vanquished.

Vanquished Creatures (others)
  329 foxfires
329 creatures vanquished.

Grand Total: 429 creatures vanquished

Notes
Turn   | Place    | Note
-------+----------+-------------------------------------------
     0 | D:1      | Goreval the Deep Elf Fire Elementalist began the quest for
                  | the Orb.
     0 | D:1      | Reached XP level 1. HP: 10/10 MP: 6/6
   224 | D:1      | Reached XP level 2. HP: 15/15 MP: 5/8
  1084 | D:2      | Reached XP level 3. HP: 19/19 MP: 6/10
  1089 | D:2      | Learned a level 3 spell: Conjure Flame
  1093 | D:2      | Learned a level 3 spell: Inner Flame
  1122 | D:2      | Found a white marble altar of Elyvilon.
  1208 | D:2      | Reached skill level 4 in Fire Magic
  1240 | D:2      | Noticed Jessica
  1246 | D:2      | Killed Jessica
  1246 | D:2      | Reached XP level 4. HP: 24/24 MP: 8/12
  1338 | D:2      | Found a stormy altar of Qazlal.
  1884 | D:3      | Noticed an ogre
  1896 | D:3      | Killed an ogre
  1896 | D:3      | Reached XP level 5. HP: 28/28 MP: 7/13
  2009 | D:3      | Reached skill level 5 in Fire Magic
  2139 | D:3      | Learned a level 4 spell: Sticky Flame
  2168 | D:3      | Reached XP level 6. HP: 29/32 MP: 1/14
  3182 | D:3      | Found a shadowy altar of Dithmenos.
  3206 | D:3      | Upgraded the game from 0.25.0-11-g1f837a76a1 to
                  | 0.25.1-1-g288607f5aa
  3715 | D:4      | Found Iregyeci's Assorted Antiques.
  3887 | D:4      | Reached skill level 6 in Fire Magic
  4046 | D:4      | Found a radiant altar of Vehumet.
  4170 | D:4      | Reached XP level 7. HP: 32/36 MP: 11/15
  4225 | D:4      | Became a worshipper of Vehumet
  4260 | D:4      | Found Elihom's Magic Scroll Emporium.
  4310 | D:4      | Bought a scroll of magic mapping for 38 gold pieces
  4310 | D:4      | Bought a scroll of amnesia for 38 gold pieces
  4310 | D:4      | Bought a scroll of teleportation for 33 gold pieces
  4310 | D:4      | Bought a scroll of identify for 22 gold pieces
  4592 | D:5      | Entered Level 5 of the Dungeon
  4879 | D:5      | Found Omagro's Assorted Antiques.
  5094 | D:5      | Reached skill level 5 in Conjurations
  5387 | D:5      | Found a sacrificial altar of Ru.
  5417 | D:5      | Slain by a bullfrog zombie

Illustrated notes

Levels and vault maps discovered:
D:1:      shiori_arrival_oz, layout_loops_ring
D:2:      layout_basic, lemuel_doored_altar, nicolae_qazlal_general_emergency,
          uniq_jessica
D:3:      layout_loops_ring, nicolae_overflow_hidden_temple, first_ration
D:4:      layout_cave_pods, lemuel_crystal_altar, serial_shops, shop, shop
D:5:      layout_loops_cross, lemuel_coloured_pillars_altar,
          minmay_temple_entry_poolview, serial_shops, shop_fountains,
          lemuel_statue_altar

Skill      XL: |  1  2  3  4  5  6  7 |
---------------+----------------------+-----
Stealth        | 3 |  3.0
Spellcasting   | 4 |  4.3
Fire Magic     | 4 5 6 |  6.5
Conjurations   | 2 3 4 5 |  5.1
Dodging        | 3 |  3.9

Action                   |  1- 3 |  4- 6 |  7- 9 || total
-------------------------+-------+-------+-------++-------
Melee: Unarmed           |       |     2 |       ||     2
       Short sword       |       |       |     2 ||     2
 Cast: Foxfire           |    54 |   152 |    38 ||   244
       Conjure Flame     |       |       |     2 ||     2
  Use: Scroll            |       |     4 |       ||     4
  Eat: Chunk             |     1 |     8 |     1 ||    10
       Ration            |       |       |     1 ||     1
Armor: Robe              |     2 |    11 |       ||    13
Dodge: Dodged            |     1 |    38 |    26 ||    65
